AoeStats
← Thomas the Train

Nomad

510433179Analyzed
2v2 RM · 2d ago on Oct 1, 2026· 54m 41s· 4 players
Game mode
Random Map
Map size
176×176
Population
200
Speed
Normal
Resources
Standard
Victory
Conquest
Starting age
Dark Age
Ending age
Imperial Age
RankedLock teamsTeams togetherTeam positionsShared explorationLock speedFull tech treeHidden civsTurbo modeCheats
Victory
Defeat
🇺🇸 Chinese · United States
1380
+9
🇺🇸 Cumans · United States
1206
+14
🇦🇷 Italians · Argentina
1204
-12
🇦🇷 Persians · Argentina
1190
-11
Thomas the Train
3:11 Loom
13:44 Feudal Age
22:38 Castle Age
21:35 Fletching
22:23 Double-Bit Axe
23:35 Bodkin Arrow
25:36 Bow Saw
26:48 Medium Warships
27:03 Padded Archer Armor
31:45 Horse Collar
34:59 Wheelbarrow
38:01 Imperial Age
35:57 Scale Barding Armor
36:04 Forging
36:42 Bloodlines
35:53 Light Cavalry
36:50 Husbandry
37:12 Chain Barding Armor
37:16 Masonry
37:29 Ballistics
39:09 Iron Casting
38:54 Bracer
40:48 Chemistry
41:00 Conscription
40:30 Cavalier
42:07 Plate Barding Armor
43:03 Blast Furnace
42:19 Leather Archer Armor
42:47 Architecture
44:43 Hand Cart
44:13 Town Watch
47:01 Town Patrol
51:04 Elite Chu Ko Nu
SpacyBabushka
10:42 Loom
14:15 Feudal Age
15:24 Double-Bit Axe
15:20 Man-at-Arms
17:59 Scale Mail Armor
18:10 Forging
18:04 Arson
23:54 Wheelbarrow
23:05 Town Watch
26:33 Fishing Lines
31:36 Castle Age
33:33 Gillnets
33:39 Gillnets
33:56 Elite Skirmisher
37:38 Imperial Age
35:54 Fletching
36:05 Padded Archer Armor
37:44 Bloodlines
37:46 Steppe Husbandry
38:45 Scale Barding Armor
39:15 Iron Casting
40:11 Chain Barding Armor
40:50 Hand Cart
40:24 Light Cavalry
41:46 Hand Cart
42:24 Bodkin Arrow
44:15 Leather Archer Armor
48:17 Ring Archer Armor
50:29 Chemistry
49:50 Ballistics
51:17 Thumb Ring
53:17 Elite Steppe Lancer
53:27 Hussar
55:35 Plate Barding Armor
56:01 Blast Furnace
polacoyanus
3:15 Loom
14:34 Feudal Age
20:02 Castle Age
18:17 Double-Bit Axe
19:45 Fletching
23:17 Wheelbarrow
33:31 Imperial Age
32:27 Bloodlines
32:43 Husbandry
40:41 Conscription
41:39 Scale Barding Armor
41:45 Forging
44:00 Cavalier
47:12 Iron Casting
49:00 Savar
Elren
5:20 Loom
12:53 Feudal Age
18:59 Castle Age
23:09 Fletching
Connection lost

Rejoining the realm…

Still unreachable

The connection could not be restored.

Session expired

The server has moved on; the page needs a fresh start.